[Event "BAN-chT Golden Jubilee 2021-22"]
[Site "Dhaka"]
[Date "2022.03.14"]
[Round "5.21"]
[White "Chowdhury, Sohel"]
[Black "Rahman, Syed Mahfuzur"]
[Result "0-1"]
[ECO "B06"]
[WhiteElo "2046"]
[BlackElo "2099"]
[Annotator "ChessBase"]
[PlyCount "144"]
[EventDate "2022.03.10"]
[EventType "team-tourn"]
[EventCountry "BAN"]
[SourceTitle "playchess.com"]
[Source "ChessBase"]
[SourceQuality "1"]
[TimeControl "40/5400+30:1800+30"]

1. e4 d6 2. Nc3 Nf6 3. d3 g6 4. g3 Bg7 5. Bg2 O-O 6. h3 c6 7. Nge2 d5 8. O-O dxe4 9. dxe4 Qb6 10. Nf4 e5 11. Nd3 Re8 12. Be3 Qc7 13. Re1 Nbd7 14. Kh2 Nf8 15. Ne2 b6 16. c3 Ba6 17. Qc2 Ne6 18. Rad1 Rad8 19. Ndc1 Nd7 20. Ng1 c5 21. b3 b5 22. Nce2 c4 23. b4 Nb6 24. h4 Bb7 25. Nh3 Qc6 26. f3 a5 27. a3 Na4 28. Ng5 Nxg5 29. Bxg5 f6 30. Be3 Bf8 31. Rd2 Rxd2 32. Qxd2 Be7 33. Rd1 Rd8 34. Qc2 Rd6 35. f4 Bc8 36. fxe5 Rxd1 37. Qxd1 fxe5 38. bxa5 Be6 39. Qc1 Bd8 40. Bh6 Nc5 41. Qf1 Nd7 42. Ng1 Nf6 43. Kh1 Bf7 44. Nh3 Bxa5 45. Qf3 Bb6 46. Bg5 Kg7 47. Nf2 Bc5 48. Nd1 Bxa3 49. Ne3 Bc5 50. Nd5 Nxd5 51. exd5 Qd6 52. g4 b4 53. cxb4 Bxb4 54. Bh6+ Kg8 55. Qe4 c3 56. Qc4 Qc5 57. Qa6 Bxd5 58. Bxd5+ Qxd5+ 59. Kh2 Bf8 60. Qc8 Qf7 61. Be3 Qa2+ 62. Kg3 c2 63. Bh6 Qa3+ 64. Kg2 Qe7 65. Bxf8 Qxf8 66. Qxc2 Qf4 67. Qc8+ Kg7 68. Qc7+ Kh6 69. g5+ Kh5 70. Qxh7+ Kg4 71. Qxg6 Qd2+ 72. Kf1 Kg3 0-1

[Event "BAN-chT Golden Jubilee 2021-22"]
[Site "Dhaka"]
[Date "2022.03.14"]
[Round "5.22"]
[White "Panesar Vedant"]
[Black "Harsha Bharathakoti"]
[Result "0-1"]
[ECO "A80"]
[WhiteElo "2379"]
[BlackElo "2499"]
[Annotator "ChessBase"]
[PlyCount "90"]
[EventDate "2022.03.10"]
[EventType "team-tourn"]
[EventCountry "BAN"]
[SourceTitle "playchess.com"]
[Source "ChessBase"]
[SourceQuality "1"]
[TimeControl "40/5400+30:1800+30"]

1. d4 f5 2. Bg5 g6 3. Nc3 Bg7 4. h4 h6 5. Bf4 Nf6 6. e3 d6 7. Qf3 e6 8. Bb5+ Nbd7 9. Qg3 Kf7 10. Nge2 Qe7 11. e4 fxe4 12. f3 Nh5 13. Qf2 Rf8 14. Nxe4 Kg8 15. Be3 d5 16. N4c3 c6 17. Bd3 e5 18. Bxg6 exd4 19. Bxd4 Bxd4 20. Qxd4 Nf4 21. h5 Nxg2+ 22. Kf2 Ne5 23. Kxg2 Qg5+ 24. Ng3 Nxf3 25. Qd3 Ne5 26. Qd4 Bg4 27. Raf1 Bf3+ 28. Rxf3 Nxf3 29. Qd3 Ne5 30. Qe2 Rf3 31. Qxe5 Qxe5 32. Kxf3 Rf8+ 33. Kg2 Qe3 34. Rf1 Rxf1 35. Nxf1 Qc1 36. Ne2 Qxb2 37. Neg3 Qxa2 38. Ne3 a5 39. Ng4 a4 40. Nxh6+ Kf8 41. Ngf5 Qxc2+ 42. Kf3 Qe4+ 43. Kg3 a3 44. Ng4 a2 45. Nd6 Qe1+ 0-1

[Event "BAN-chT Golden Jubilee 2021-22"]
[Site "Dhaka"]
[Date "2022.03.14"]
[Round "5.24"]
[White "Mihir Lal, Das"]
[Black "Masum, Hossain"]
[Result "1/2-1/2"]
[ECO "A37"]
[WhiteElo "2006"]
[BlackElo "2003"]
[Annotator "ChessBase"]
[PlyCount "85"]
[EventDate "2022.03.10"]
[EventType "team-tourn"]
[EventCountry "BAN"]
[SourceTitle "playchess.com"]
[Source "ChessBase"]
[SourceQuality "1"]
[TimeControl "40/5400+30:1800+30"]

1. Nf3 c5 2. c4 g6 3. g3 Bg7 4. Bg2 Nc6 5. O-O e6 6. Nc3 Nge7 7. e3 O-O 8. d4 cxd4 9. exd4 d5 10. cxd5 Nxd5 11. Re1 Nb6 12. Bg5 Qd6 13. Ne4 Qb4 14. b3 Nd5 15. Rc1 h6 16. Rc4 Qb6 17. Bc1 Rd8 18. Qe2 Nde7 19. Bb2 Nf5 20. Rd1 Nfxd4 21. Nxd4 Nxd4 22. Bxd4 Rxd4 23. Rcxd4 Bxd4 24. Qd2 e5 25. Qxh6 Bg4 26. Rf1 Rd8 27. Qh4 Bf5 28. Nf6+ Kg7 29. Nd5 Qd6 30. Ne3 Bd3 31. Re1 Rh8 32. Qg4 f5 33. Qd1 e4 34. Nc4 Qc5 35. Qd2 Bxc4 36. bxc4 Rd8 37. Qc2 b5 38. Rc1 bxc4 39. Bf1 c3 40. Kg2 Bf6 41. Be2 e3 42. fxe3 Qxe3 43. Rd1 1/2-1/2

[Event "BAN-chT Golden Jubilee 2021-22"]
[Site "Dhaka"]
[Date "2022.03.15"]
[Round "6.5"]
[White "abzid, Rahman"]
[Black "Chowdhury, Sohel"]
[Result "1/2-1/2"]
[ECO "D05"]
[WhiteElo "2106"]
[BlackElo "2046"]
[Annotator "NA"]
[PlyCount "68"]
[EventDate "2022.03.10"]
[EventType "team-tourn"]
[EventCountry "BAN"]
[SourceTitle "playchess.com"]
[Source "ChessBase"]
[SourceQuality "1"]
[TimeControl "40/5400+30:1800+30"]

1. d4 d5 2. Nf3 Nf6 3. e3 e6 4. Bd3 c5 5. b3 Nc6 6. Bb2 Be7 7. O-O O-O 8. a3 b6 9. Nbd2 Bb7 10. Qe2 cxd4 11. exd4 Rc8 12. Ne5 Qc7 13. Rac1 Bd6 14. f4 Qe7 15. b4 g6 16. Rf3 Nh5 17. g4 Ng7 18. Re1 Rfe8 ({Better is} 18... f6 $11) 19. Qf2 f5 20. Nxc6 Bxc6 21. g5 Nh5 22. h4 {[%emt 0:00:00] [#]} Qc7 (22... h6 $1 $17 23. gxh6 Qh7) 23. Rf1 $1 $11 Qd7 24. Qe2 Qc7 25. Qe3 $17 Qd7 26. Ba6 Bb7 27. Bd3 Bc6 28. Ba6 Bb7 29. Bd3 Bc6 30. Qe2 Qc7 31. Ba6 Bb7 32. Bb5 Bc6 33. Ba6 Bb7 34. Bb5 Bc6 1/2-1/2

[Event "BAN-chT Golden Jubilee 2021-22"]
[Site "Dhaka"]
[Date "2022.03.17"]
[Round "8.1"]
[White "Murshed, Niaz"]
[Black "abzid, Rahman"]
[Result "0-1"]
[ECO "D35"]
[WhiteElo "2418"]
[BlackElo "2106"]
[Annotator "ChessBase"]
[PlyCount "60"]
[EventDate "2022.03.10"]
[EventType "team-tourn"]
[EventCountry "BAN"]
[SourceTitle "playchess.com"]
[Source "ChessBase"]
[SourceQuality "1"]
[TimeControl "40/5400+30:1800+30"]

1. d4 d5 2. c4 e6 3. Nc3 Nf6 4. cxd5 exd5 5. Bg5 Be7 6. e3 O-O 7. Bd3 c6 8. Nge2 a5 9. O-O Na6 10. Rc1 Nc7 11. f3 Ne6 12. Bh4 g6 13. Bf2 Nh5 14. g4 Nhg7 15. Ng3 Ng5 16. Kg2 h5 17. h3 Bd6 18. Be2 f5 19. f4 fxg4 20. hxg4 h4 21. fxg5 hxg3 22. Bxg3 Rxf1 23. Qxf1 Bxg3 24. Kxg3 Qxg5 25. Qf3 Bxg4 26. Qxg4 Qxe3+ 27. Bf3 Qxc1 28. Ne2 Qe3 29. Qxg6 Rf8 30. Qg4 Rf5 0-1

[Event "BAN-chT Golden Jubilee 2021-22"]
[Site "Dhaka"]
[Date "2022.03.17"]
[Round "8.5"]
[White "Islam, Khandaker Aminul"]
[Black "Rahman, Syed Mahfuzur"]
[Result "1-0"]
[ECO "D02"]
[WhiteElo "2153"]
[BlackElo "2099"]
[Annotator "NA"]
[PlyCount "72"]
[EventDate "2022.03.10"]
[EventType "team-tourn"]
[EventCountry "BAN"]
[SourceTitle "playchess.com"]
[Source "ChessBase"]
[SourceQuality "1"]
[TimeControl "40/5400+30:1800+30"]

1. d4 d5 2. Nf3 Nf6 3. Bf4 c5 4. e3 Nc6 5. Nbd2 Bf5 6. dxc5 Qa5 7. Nd4 Nxd4 8. exd4 Qb4 9. Be3 e5 10. a3 Qxb2 11. Rb1 Qxc2 12. Qxc2 Bxc2 13. Rxb7 Ba4 14. Rb4 Bc6 15. Ba6 exd4 16. Bxd4 Be7 17. Nb3 O-O 18. O-O Rfd8 19. Na5 Bd7 20. Bb7 Rab8 21. c6 Bxb4 22. axb4 Bxc6 23. Nxc6 Rxb7 24. Nxd8 Rxb4 25. Nc6 Rc4 26. Ne7+ Kf8 27. Bxf6 gxf6 28. Nxd5 Rd4 29. Ne3 $18 ({But not} 29. Nxf6 Kg7 30. Nh5+ Kg6 $18) 29... a5 30. Rb1 Ke8 31. Kf1 Kd7 32. Rb6 f5 33. Nxf5 Rf4 34. Ne3 a4 35. Ra6 Kc8 36. Nd5 Rd4 1-0

[Event "BAN-chT Golden Jubilee 2021-22"]
[Site "Dhaka"]
[Date "2022.03.17"]
[Round "8.8"]
[White "Mihir Lal, Das"]
[Black "Subrota, Biswas"]
[Result "0-1"]
[ECO "D11"]
[WhiteElo "2006"]
[BlackElo "2202"]
[Annotator "ChessBase"]
[PlyCount "102"]
[EventDate "2022.03.10"]
[EventType "team-tourn"]
[EventCountry "BAN"]
[SourceTitle "playchess.com"]
[Source "ChessBase"]
[SourceQuality "1"]
[TimeControl "40/5400+30:1800+30"]

1. Nf3 Nf6 2. g3 d5 3. Bg2 c6 4. O-O Bf5 5. d4 h6 6. c4 e6 7. Nc3 Nbd7 8. Nd2 Be7 9. e4 dxe4 10. Ndxe4 O-O 11. Nxf6+ Nxf6 12. d5 Qc7 13. dxe6 Bxe6 14. Qa4 Nd7 15. Bf4 Qb6 16. Ne4 Nc5 17. Qa3 Nxe4 18. Qxe7 Rfe8 19. Qa3 Bxc4 20. Bxe4 Bxf1 21. Qf3 Bc4 22. b3 Qd4 23. Rb1 Qxe4 24. Qxe4 Rxe4 25. bxc4 b6 26. Rc1 c5 27. Kg2 Rd8 28. Rc3 Rdd4 29. Ra3 Rxc4 30. Rxa7 Ra4 31. Rb7 Reb4 32. h4 Rxa2 33. h5 Ra8 34. Bc7 c4 35. Be5 Rc8 36. Bc3 Rb3 37. Bd2 c3 38. Bc1 Rb1 39. Be3 c2 40. g4 c1=Q 41. Bxc1 Rcxc1 42. Rb8+ Kh7 43. Rf8 Rg1+ 44. Kh3 Rb3+ 45. f3 Rxf3+ 46. Kh2 Rxg4 47. Re8 Rf5 48. Kh3 Rfg5 49. Rd8 f5 50. Rh8+ Kxh8 51. Kh2 Rxh5# 0-1

[Event "BAN-chT Golden Jubilee 2021-22"]
[Site "Dhaka"]
[Date "2022.03.17"]
[Round "8.9"]
[White "Sadnan Hasan, Dihan"]
[Black "Chowdhury, Sohel"]
[Result "1-0"]
[ECO "A06"]
[WhiteElo "2152"]
[BlackElo "2046"]
[Annotator "ChessBase"]
[PlyCount "97"]
[EventDate "2022.03.10"]
[EventType "team-tourn"]
[EventCountry "BAN"]
[SourceTitle "playchess.com"]
[Source "ChessBase"]
[SourceQuality "1"]
[TimeControl "40/5400+30:1800+30"]

1. Nf3 d5 2. b3 Nf6 3. Bb2 Bg4 4. h3 Bf5 5. d3 e6 6. Nh4 Bg6 7. Nxg6 hxg6 8. Nd2 c6 9. e3 Nbd7 10. Be2 Qa5 11. a3 Be7 12. O-O Qb6 13. Re1 a5 14. Rb1 O-O 15. c4 Rfe8 16. Qc2 Rac8 17. Bf1 Bf8 18. Ra1 Qc7 19. Rec1 Ne5 20. Qc3 Ned7 21. Qc2 Ne5 22. c5 Ned7 23. b4 e5 24. d4 axb4 25. axb4 Ra8 26. b5 e4 27. b6 Qd8 28. Rxa8 Qxa8 29. Ra1 Qc8 30. Nb3 Nh7 31. Ra7 Ndf6 32. Na5 Re7 33. Nxb7 Rxb7 34. Ba6 Ng5 35. Rxb7 Nxh3+ 36. gxh3 Qxh3 37. Bf1 Qg4+ 38. Bg2 Nh7 39. Rb8 Ng5 40. Rxf8+ Kxf8 41. b7 Nf3+ 42. Kf1 Nh2+ 43. Ke1 Qxg2 44. b8=Q+ Ke7 45. Qc7+ Ke8 46. Qxc6+ Kf8 47. Qc8+ Ke7 48. Qc7+ Ke6 49. Qd6+ 1-0

[Event "BAN-chT Golden Jubilee 2021-22"]
[Site "Dhaka"]
[Date "2022.03.17"]
[Round "8.12"]
[White "Masum, Hossain"]
[Black "Anata, Choudhury"]
[Result "0-1"]
[ECO "D38"]
[WhiteElo "2003"]
[BlackElo "2170"]
[Annotator "ChessBase"]
[PlyCount "59"]
[EventDate "2022.03.10"]
[EventType "team-tourn"]
[EventCountry "BAN"]
[SourceTitle "playchess.com"]
[Source "ChessBase"]
[SourceQuality "1"]
[TimeControl "40/5400+30:1800+30"]

1. d4 Nf6 2. c4 e6 3. Nf3 d5 4. Nc3 Bb4 5. cxd5 exd5 6. Bg5 h6 7. Bh4 g5 8. Bg3 Ne4 9. Qb3 c5 10. dxc5 Nc6 11. e3 Qf6 12. Bb5 Nxc5 13. Qxd5 Bxc3+ 14. bxc3 Qxc3+ 15. Nd2 O-O 16. O-O Be6 17. Qf3 Qxd2 18. Bxc6 bxc6 19. Qf6 Kh7 20. Be5 Rg8 21. Rad1 Qe2 22. Rfe1 Qh5 23. Qe7 Ne4 24. f3 g4 25. f4 g3 26. h3 Qf5 27. Rd4 Bd5 28. Rc1 Nf2 29. e4 Nxe4 30. Kh1 0-1

[Event "BAN-chT Golden Jubilee 2021-22"]
[Site "Dhaka"]
[Date "2022.03.17"]
[Round "8.13"]
[White "Manon, Reja Neer"]
[Black "Zia, Tahsin Tajwar"]
[Result "1/2-1/2"]
[ECO "B15"]
[WhiteElo "2209"]
[BlackElo "2283"]
[Annotator "ChessBase"]
[PlyCount "60"]
[EventDate "2022.03.10"]
[EventType "team-tourn"]
[EventCountry "BAN"]
[SourceTitle "playchess.com"]
[Source "ChessBase"]
[SourceQuality "1"]
[TimeControl "40/5400+30:1800+30"]

1. e4 c6 2. d4 d5 3. Nc3 dxe4 4. Nxe4 Nf6 5. Nxf6+ exf6 6. c3 Bd6 7. Bd3 O-O 8. Qc2 Re8+ 9. Ne2 h5 10. Be3 Nd7 11. O-O-O Nf8 12. Kb1 Be6 13. c4 Rc8 14. Nc3 Bb4 15. Ne4 Be7 16. Rhe1 b5 17. c5 f5 18. Nc3 b4 19. Ne2 Qd5 20. b3 Qd7 21. Ba6 Bd5 22. Nf4 Be4 23. Bd3 Bxd3 24. Nxd3 a5 25. Ne5 Qd5 26. g3 Ne6 27. Nc4 Bd8 28. Nd6 Bc7 29. Nxc8 Rxc8 30. Qc4 Rd8 1/2-1/2

[Event "BAN-chT Golden Jubilee 2021-22"]
[Site "Dhaka"]
[Date "2022.03.17"]
[Round "8.24"]
[White "Rahman, Ziaur"]
[Black "Pranav Vijay"]
[Result "1-0"]
[ECO "D04"]
[WhiteElo "2417"]
[BlackElo "2265"]
[Annotator "ChessBase"]
[PlyCount "63"]
[EventDate "2022.03.10"]
[EventType "team-tourn"]
[EventCountry "BAN"]
[SourceTitle "playchess.com"]
[Source "ChessBase"]
[SourceQuality "1"]
[TimeControl "40/5400+30:1800+30"]

1. Nf3 Nf6 2. b3 d5 3. e3 g6 4. Bb2 Bg7 5. d4 O-O 6. Nbd2 Ne4 7. c4 c5 8. cxd5 Nxd2 9. Qxd2 Qxd5 10. Bc4 Qd6 11. Rd1 Nc6 12. d5 Bxb2 13. Qxb2 Na5 14. h3 Nxc4 15. bxc4 Rb8 16. O-O b5 17. cxb5 a6 18. b6 Rxb6 19. Qc3 Rb4 20. Ne5 Re4 21. Nc4 Qc7 22. f3 Rh4 23. f4 Rd8 24. d6 exd6 25. Qf6 Rh5 26. Nxd6 Rf8 27. e4 c4 28. f5 Bd7 29. fxg6 Qb6+ 30. Kh1 hxg6 31. Ne8 Qe6 32. Qg7# 1-0

[Event "BAN-chT Golden Jubilee 2021-22"]
[Site "Dhaka"]
[Date "2022.03.18"]
[Round "9.8"]
[White "Chatterjee, Debaraj"]
[Black "Ahmed, Shafiq"]
[Result "1/2-1/2"]
[ECO "D11"]
[WhiteElo "2196"]
[BlackElo "2106"]
[Annotator "ChessBase"]
[PlyCount "83"]
[EventDate "2022.03.10"]
[EventType "team-tourn"]
[EventCountry "BAN"]
[SourceTitle "playchess.com"]
[Source "ChessBase"]
[SourceQuality "1"]
[TimeControl "40/5400+30:1800+30"]

1. d4 d5 2. c4 c6 3. Nf3 Nf6 4. e3 Bg4 5. Qb3 Qb6 6. Ne5 e6 7. Nxg4 Nxg4 8. Nc3 f5 9. Qc2 g6 10. Bd2 Nd7 11. Bd3 Ngf6 12. O-O-O Be7 13. Kb1 a6 14. f3 Qa7 15. h4 b5 16. cxd5 cxd5 17. Ne2 Kf7 18. Rc1 Nb6 19. Qc7 Nc4 20. Qxa7 Rxa7 21. Rc2 Rc7 22. Bc1 Rhc8 23. Nf4 Bd6 24. g3 h6 25. Rhh2 Nb6 26. Rxc7+ Rxc7 27. b3 g5 28. hxg5 hxg5 29. Nh5 Nxh5 30. Rxh5 Bxg3 31. Rxg5 Bh4 32. Rh5 Bf6 33. Bd2 Kg6 34. Rh1 Rc6 35. Ba5 Nc8 36. Bd2 Nd6 37. Rh2 Kg7 38. Re2 Kf7 39. Re1 Kg7 40. Rc1 Rxc1+ 41. Kxc1 f4 42. e4 1/2-1/2

[Event "BAN-chT Golden Jubilee 2021-22"]
[Site "Dhaka"]
[Date "2022.03.18"]
[Round "9.9"]
[White "Abu Sufian, Shakil"]
[Black "Uddin, Saif"]
[Result "1/2-1/2"]
[ECO "C50"]
[WhiteElo "2232"]
[BlackElo "1943"]
[Annotator "ChessBase"]
[PlyCount "91"]
[EventDate "2022.03.10"]
[EventType "team-tourn"]
[EventCountry "BAN"]
[SourceTitle "playchess.com"]
[Source "ChessBase"]
[SourceQuality "1"]
[TimeControl "40/5400+30:1800+30"]

1. e4 e5 2. Nf3 Nc6 3. Bc4 Be7 4. d4 exd4 5. Nxd4 d6 6. O-O Nf6 7. Nc3 O-O 8. Nxc6 bxc6 9. Re1 Nd7 10. f4 Bf6 11. Be3 a5 12. Bd4 Nb6 13. Bf1 c5 14. Bxf6 Qxf6 15. g3 Rb8 16. Qd2 a4 17. b3 axb3 18. cxb3 Be6 19. e5 dxe5 20. fxe5 Qe7 21. Ne4 Rfd8 22. Qc3 c4 23. bxc4 Na4 24. Qc2 Nc5 25. Nxc5 Qxc5+ 26. Qf2 Qa5 27. c5 Rd2 28. Re2 Rxe2 29. Bxe2 Qc3 30. Rd1 Qxe5 31. Qd4 Qxd4+ 32. Rxd4 Kf8 33. a4 Rb1+ 34. Kf2 Ra1 35. h4 Ke7 36. Bb5 Rc1 37. c6 Ra1 38. Ke3 h6 39. Kd2 g5 40. hxg5 hxg5 41. g4 Ra3 42. Kc2 f6 43. Kb2 Rb3+ 44. Kc2 Ra3 45. Kb2 Rb3+ 46. Kc2 1/2-1/2

[Event "BAN-chT Golden Jubilee 2021-22"]
[Site "Dhaka"]
[Date "2022.03.18"]
[Round "9.10"]
[White "Mohammed Abdul, Malek"]
[Black "Zia, Tahsin Tajwar"]
[Result "1-0"]
[ECO "E06"]
[WhiteElo "2148"]
[BlackElo "2283"]
[Annotator "ChessBase"]
[PlyCount "81"]
[EventDate "2022.03.10"]
[EventType "team-tourn"]
[EventCountry "BAN"]
[SourceTitle "playchess.com"]
[Source "ChessBase"]
[SourceQuality "1"]
[TimeControl "40/5400+30:1800+30"]

1. Nf3 d5 2. c4 e6 3. g3 Nf6 4. Bg2 Be7 5. d4 O-O 6. O-O a5 7. c5 b6 8. cxb6 c5 9. dxc5 Bxc5 10. Nc3 Bxb6 11. Bf4 Nc6 12. Na4 Ba7 13. Rc1 Bd7 14. Bd6 Re8 15. Qb3 Ne4 16. Bc5 Rb8 17. Qa3 Nxc5 18. Nxc5 Bxc5 19. Rxc5 Qb6 20. b3 Qb4 21. Qxb4 axb4 22. Rfc1 Rb6 23. e3 Ra8 24. Bf1 Rab8 25. Bd3 f5 26. h4 Kf8 27. Nd4 Ne5 28. Bxf5 exf5 29. Rxd5 Re8 30. Rc7 Bc8 31. Rxc8 Rxc8 32. Rxe5 g6 33. Ne6+ Kf7 34. Ng5+ Kf6 35. Ra5 Rc7 36. Kg2 Rbb7 37. Ra6+ Ke5 38. Ne6 Re7 39. Nd8 Ke4 40. Nxb7 Rxb7 41. Rd6 1-0

[Event "BAN-chT Golden Jubilee 2021-22"]
[Site "Dhaka"]
[Date "2022.03.18"]
[Round "9.13"]
[White "Chowdhury, Sohel"]
[Black "Manon, Reja Neer"]
[Result "1-0"]
[ECO "B26"]
[WhiteElo "2046"]
[BlackElo "2209"]
[Annotator "ChessBase"]
[PlyCount "125"]
[EventDate "2022.03.10"]
[EventType "team-tourn"]
[EventCountry "BAN"]
[SourceTitle "playchess.com"]
[Source "ChessBase"]
[SourceQuality "1"]
[TimeControl "40/5400+30:1800+30"]

1. e4 c5 2. Nc3 Nc6 3. g3 g6 4. Bg2 Bg7 5. d3 d6 6. Be3 e6 7. Qd2 Rb8 8. Nge2 Nd4 9. O-O Ne7 10. Nc1 O-O 11. Nd1 f5 12. c3 Ndc6 13. Bh6 d5 14. Bxg7 Kxg7 15. exd5 exd5 16. d4 cxd4 17. cxd4 f4 18. Re1 Qd6 19. Nb3 b6 20. Nc3 Ba6 21. Rad1 Qd7 22. Nc1 Rbe8 23. Nd3 f3 24. Bh1 Bxd3 25. Qxd3 Nf5 26. Rxe8 Qxe8 27. Bxf3 Nfxd4 28. Bxd5 Qe7 29. Bxc6 Nxc6 30. Qd7 Qxd7 31. Rxd7+ Rf7 32. Rxf7+ Kxf7 33. f4 Ke6 34. Kf2 Nd4 35. Ke3 Nc6 36. Ke4 Kd6 37. g4 Ke6 38. f5+ Kf6 39. Nd5+ Kf7 40. b4 Nd8 41. b5 Nb7 42. Ke5 h6 43. h4 Nc5 44. fxg6+ Kxg6 45. Ne7+ Kf7 46. Nc8 Nd3+ 47. Kf5 Nb4 48. a3 Nc2 49. a4 Ne3+ 50. Kf4 Nd5+ 51. Ke5 Nc3 52. Nxa7 Nxa4 53. Nc8 Nc3 54. Nd6+ Kg6 55. Kd4 Na4 56. Kd5 Kf6 57. Nc4 Nc3+ 58. Kc6 Ke6 59. Nxb6 Nxb5 60. Kxb5 Ke5 61. Nd7+ Kf4 62. Nf6 Kg3 63. g5 1-0

[Event "BAN-chT Golden Jubilee 2021-22"]
[Site "Dhaka"]
[Date "2022.03.18"]
[Round "9.16"]
[White "Ikramul, Haq Siam"]
[Black "Masum, Hossain"]
[Result "1/2-1/2"]
[ECO "D21"]
[WhiteElo "2075"]
[BlackElo "2003"]
[Annotator "ChessBase"]
[PlyCount "52"]
[EventDate "2022.03.10"]
[EventType "team-tourn"]
[EventCountry "BAN"]
[SourceTitle "playchess.com"]
[Source "ChessBase"]
[SourceQuality "1"]
[TimeControl "40/5400+30:1800+30"]

1. d4 e6 2. Nf3 d5 3. c4 dxc4 4. Nc3 a6 5. a4 Nc6 6. e3 Na5 7. Nd2 Bb4 8. Nxc4 c5 9. dxc5 Qxd1+ 10. Kxd1 Nxc4 11. Bxc4 Bxc5 12. Ke2 Nf6 13. e4 b6 14. Be3 Bxe3 15. Kxe3 Bb7 16. Rhd1 Rc8 17. b3 Ke7 18. f3 Rhd8 19. Rxd8 Rxd8 20. Rd1 Rxd1 21. Nxd1 Nd7 22. Nb2 Ne5 23. Kd4 Nd7 24. Ke3 Ne5 25. Kd4 Nd7 26. Ke3 Ne5 1/2-1/2

[Event "BAN-chT Golden Jubilee 2021-22"]
[Site "Dhaka"]
[Date "2022.03.18"]
[Round "9.17"]
[White "Rahman, Syed Mahfuzur"]
[Black "Sadnan Hasan, Dihan"]
[Result "1-0"]
[ECO "A41"]
[WhiteElo "2099"]
[BlackElo "2152"]
[Annotator "ChessBase"]
[PlyCount "122"]
[EventDate "2022.03.10"]
[EventType "team-tourn"]
[EventCountry "BAN"]
[SourceTitle "playchess.com"]
[Source "ChessBase"]
[SourceQuality "1"]
[TimeControl "40/5400+30:1800+30"]

1. d4 d6 2. c4 g6 3. Nc3 Bg7 4. Nf3 e6 5. e4 Ne7 6. Be2 a6 7. O-O Nd7 8. Re1 b6 9. a4 a5 10. Bg5 h6 11. Be3 Bb7 12. Qd2 Kf8 13. Rad1 Qc8 14. h3 Kg8 15. h4 Kh7 16. h5 g5 17. Nh2 Rd8 18. f4 gxf4 19. Bxf4 e5 20. dxe5 dxe5 21. Bg4 Bc6 22. Nd5 Bxd5 23. exd5 f5 24. Qc2 Rf8 25. Nf3 Kg8 26. Bh3 e4 27. Qd2 Rf6 28. d6 cxd6 29. Bxd6 Rxd6 30. Qxd6 Qc5+ 31. Kh1 Qxd6 32. Rxd6 Nc5 33. Nd2 Nxa4 34. b3 Nc5 35. Rxb6 Bc3 36. Re2 Rd8 37. Nf1 Rd1 38. g3 Rb1 39. Kg2 a4 40. Ne3 Rxb3 41. Rb5 Ne6 42. Ra2 Nd4 43. Re5 Nec6 44. Re8+ Kf7 45. Ra8 Bb4 46. Nxf5 a3 47. Rf2 Nf3 48. Bg4 Nce5 49. Nd4 Nxg4 50. Nxb3 Ne3+ 51. Kh1 Ng4 52. Re2 e3 53. Ra4 Bf8 54. c5 Nfe5 55. Rxa3 Ke6 56. Ra8 Be7 57. Re8 Kd7 58. Ra8 Ke6 59. Nd4+ Kd5 60. c6 Bd6 61. Nf5 Be7 1-0

[Event "BAN-chT Golden Jubilee 2021-22"]
[Site "Dhaka"]
[Date "2022.03.18"]
[Round "9.20"]
[White "Anata, Choudhury"]
[Black "Mihir Lal, Das"]
[Result "1-0"]
[ECO "B90"]
[WhiteElo "2170"]
[BlackElo "2006"]
[Annotator "NA"]
[PlyCount "83"]
[EventDate "2022.03.10"]
[EventType "team-tourn"]
[EventCountry "BAN"]
[SourceTitle "playchess.com"]
[Source "ChessBase"]
[SourceQuality "1"]
[TimeControl "40/5400+30:1800+30"]

1. e4 c5 2. Nf3 d6 3. d4 cxd4 4. Nxd4 Nf6 5. Nc3 a6 6. h3 b5 7. g4 h6 8. Bg2 Bb7 9. O-O e6 10. Re1 Qc7 11. f4 Nc6 12. Nxc6 Qxc6 13. a4 b4 14. Nd5 O-O-O 15. Nxf6 gxf6 16. Be3 h5 17. c3 b3 18. Qxb3 hxg4 19. hxg4 Rh4 20. Qb6 Rxg4 21. Qxc6+ Bxc6 22. Kf2 Bh6 23. Bf3 Rg6 24. c4 Rdg8 25. Rh1 e5 26. f5 Bxe3+ 27. Kxe3 Rg3 28. Rh6 Kd7 29. Rxf6 Ke7 30. Rh6 Rb8 31. Kf2 Rgg8 32. Ra2 Rb4 33. b3 Rxb3 34. Rd2 Bxa4 35. Rhxd6 Ra8 36. f6+ Ke8 37. R2d5 Rc3 38. Rxe5+ Kf8 39. Rh5 Kg8 40. Rdd5 Rxf3+ 41. Kxf3 Bd1+ 42. Rxd1 1-0

[Event "BAN-chT Golden Jubilee 2021-22"]
[Site "Dhaka"]
[Date "2022.03.18"]
[Round "9.21"]
[White "abzid, Rahman"]
[Black "Islam, Khandaker Aminul"]
[Result "1/2-1/2"]
[ECO "A41"]
[WhiteElo "2106"]
[BlackElo "2153"]
[Annotator "ChessBase"]
[PlyCount "136"]
[EventDate "2022.03.10"]
[EventType "team-tourn"]
[EventCountry "BAN"]
[SourceTitle "playchess.com"]
[Source "ChessBase"]
[SourceQuality "1"]
[TimeControl "40/5400+30:1800+30"]

1. d4 d6 2. Nf3 g6 3. Bf4 Bg7 4. e3 Nd7 5. Be2 e5 6. Bg5 Ne7 7. O-O h6 8. Bh4 O-O 9. dxe5 dxe5 10. Nfd2 g5 11. Bg3 Nf5 12. c4 Nc5 13. Nc3 Nxg3 14. fxg3 f5 15. Qc2 g4 16. b4 Ne6 17. c5 Qg5 18. Nc4 h5 19. Rad1 a5 20. a3 axb4 21. axb4 f4 22. Qe4 Qf5 23. Qxf5 Rxf5 24. Nd5 Rf7 25. gxf4 exf4 26. Nxf4 Nxf4 27. Rd8+ Rf8 28. Rxf8+ Kxf8 29. Rxf4+ Ke7 30. Re4+ Kd8 31. Na5 Bc3 32. Bb5 c6 33. Bf1 Kc7 34. Re7+ Bd7 35. Nc4 Re8 36. Rxe8 Bxe8 37. Nd6 Bg6 38. b5 Bb4 39. bxc6 bxc6 40. Kf2 Bxc5 41. Nc4 Bf7 42. h3 gxh3 43. gxh3 Be8 44. Bg2 Be7 45. Ke2 c5 46. Kd3 Bb5 47. Bf3 h4 48. Kc3 Bf6+ 49. Kb3 Bd7 50. Bg2 Be6 51. Bf1 Kc6 52. Kc2 Kb5 53. Ne5+ c4 54. Bxc4+ Bxc4 55. Nxc4 Kxc4 56. Kd2 Kd5 57. Ke2 Ke4 58. Kf2 Be5 59. Kg2 Bg3 60. Kg1 Kf3 61. e4 Be5 62. Kh1 Kg3 63. Kg1 Kxh3 64. Kh1 Kg3 65. Kg1 h3 66. Kh1 Kf3 67. Kg1 h2+ 68. Kh1 Kf2 1/2-1/2

[Event "BAN-chT Golden Jubilee 2021-22"]
[Site "Dhaka"]
[Date "2022.03.18"]
[Round "9.24"]
[White "Subrota, Biswas"]
[Black "Asif, Mahmud"]
[Result "1-0"]
[ECO "E11"]
[WhiteElo "2202"]
[BlackElo "1928"]
[Annotator "ChessBase"]
[PlyCount "115"]
[EventDate "2022.03.10"]
[EventType "team-tourn"]
[EventCountry "BAN"]
[SourceTitle "playchess.com"]
[Source "ChessBase"]
[SourceQuality "1"]
[TimeControl "40/5400+30:1800+30"]

1. d4 Nf6 2. c4 e6 3. Nf3 d5 4. g3 Bb4+ 5. Bd2 Be7 6. Bg2 O-O 7. Qc2 a6 8. O-O dxc4 9. Qxc4 b5 10. Qc2 Bb7 11. Rc1 Bd6 12. Bg5 Nbd7 13. Nbd2 Re8 14. Nb3 h6 15. Na5 Bd5 16. Nc6 Qc8 17. Bd2 e5 18. dxe5 Nxe5 19. Nfxe5 Bxe5 20. Bxd5 Nxd5 21. e4 Nb6 22. f4 Bd6 23. e5 Bf8 24. b3 Qh3 25. Qe4 f6 26. Rc2 fxe5 27. fxe5 Nd7 28. Re1 Bc5+ 29. Kh1 Rf8 30. Bf4 Rae8 31. e6 Bd6 32. Qg2 Qxg2+ 33. Kxg2 Nc5 34. e7 Rf7 35. Bxd6 cxd6 36. Rd2 Nb7 37. b4 Rf6 38. Rd5 Kf7 39. g4 g6 40. Rd4 Kg7 41. Rd5 Kf7 42. Re3 Re6 43. Rf3+ Rf6 44. Ra3 Ke6 45. Rd4 a5 46. bxa5 Kd7 47. Rc3 Kc7 48. Nb4+ Kb8 49. a6 Nc5 50. Rxc5 Rxe7 51. Rxb5+ Ka8 52. Rb8+ Kxb8 53. Nc6+ Ka8 54. Nxe7 Re6 55. Nd5 Re2+ 56. Kg3 Rxa2 57. Rb4 Rc2 58. Rb7 1-0